 Dungeon Crawl Stone Soup version 0.29-a0-830-gcb1280458a (webtiles) character file.

Game seed: 4527138978036995065

90208 Mesmaeker13 the Warrior (level 15, -14/121 (140) HPs)
             Began as an Octopode Transmuter on July 10, 2022.
             Was a Believer of Ashenzari.
             Demolished by a pharaoh ant (29 damage)
             ... on level 4 of the Lair of Beasts on July 11, 2022.
             The game lasted 01:30:39 (33445 turns).

Mesmaeker13 the Warrior (Octopode Transmuter)      Turns: 33445, Time: 01:30:39

HP:   -14/121 (140) AC: 11    Str: 18    XL:     15   Next: 99%
MP:   14/23         EV: 12    Int: 21    God:    Ashenzari [**....]
Gold: 1314          SH:  0    Dex: 12    Spells: 4/25 levels left

rFire   . . .      SeeInvis +     - Unarmed
rCold   + + .      Faith    .   (shield currently unavailable)
rNeg    + . .      Spirit   .   (helmet currently unavailable)
rPois   +          Reflect  .   d - amulet of regeneration
rElec   .          Harm     .   c - ring "At What Cost Knowledge?" {rCorr, Melee, Alch} (curse)
rCorr   +          Rampage  .   o - ring "Omniscient Suspicion" {Fire, Melee, Bglg} (curse)
Will    +....                   L - ring of Cremastomancy {rN+, Elem, Comp} (curse)
Stlth   +.........              F - ring of wizardry
HPRegen 1.10/turn               H - ring of the Pangnostic Chagrin {Str+6, Comp, Cun} (curse)
MPRegen 0.18/turn               w - ring of poison resistance
                                (no ring)
                                (no ring)

@: ice-form, wereblooded, forested, heavily drained
A: freezing attack, boosted hp, almost no armour, amphibious, 8 rings, large,
(camouflage 1), (gelatinous body 1), (nimble swimmer 1), (tentacles)
a: End Transformation, Renounce Religion, Curse Item, Shatter the Chains


You were on level 4 of the Lair of Beasts.
You worshipped Ashenzari.
Ashenzari was pleased with you.
You were a creature of crystalline ice.
You visited 6 branches of the dungeon, and saw 27 of its levels.
You also visited: Sewer.

You collected 2759 gold pieces.
You spent 1445 gold pieces at shops.

Inventory:

Hand Weapons
 G - a +1 demon whip of venom (melded)
Missiles
 B - a javelin
 I - 2 curare-tipped darts
 N - 6 throwing nets (quivered)
Armour
 K - the cursed +0 hat of the Wild Blue Yonder (melded) {rElec rF+ rCorr, Bglg, Alch}
   (You acquired it on level 10 of the Dungeon)

   rF:        It protects you from fire.
   rElec:     It insulates you from electricity.
   rCorr:     It protects you from acid and corrosion.
   It has a curse which improves the following skills: Beguiling: Conjurations,
   Hexes and Translocations.
   Alchemy:   Poison Magic and Transmutations.
Jewellery
 c - the cursed ring "At What Cost Knowledge?" (left front paw) {rCorr, Melee, Alch}
   (You found it on level 2 of the Dungeon)

   [ring of resist corrosion]

   rCorr:     It protects you from acid and corrosion.
   It has a curse which improves the following skills: Melee Combat: Short
   Blades, Long Blades, Axes, Maces & Flails, Polearms, Staves and Unarmed
   Combat.
   Alchemy:   Poison Magic and Transmutations.
 d - an amulet of regeneration (around neck)
 l - a ring of ice
 o - the cursed ring "Omniscient Suspicion" (right front paw) {Fire, Melee, Bglg}
   (You took it off a hobgoblin on level 4 of the Dungeon)

   [ring of fire]

   It enhances your fire magic.
   rF:        It protects you from fire.
   rC:        It makes you vulnerable to cold.
   It has a curse which improves the following skills: Melee Combat: Short
   Blades, Long Blades, Axes, Maces & Flails, Polearms, Staves and Unarmed
   Combat.
   Beguiling: Conjurations, Hexes and Translocations.
 s - an amulet of reflection
 w - a ring of poison resistance (on tentacle)
 F - a ring of wizardry (on tentacle)
 H - the cursed ring of the Pangnostic Chagrin (on tentacle) {Str+6, Comp, Cun}
   (You found it on level 3 of the Lair of Beasts)

   [ring of strength]

   Str:       It affects your strength (+6).
   It has a curse which improves the following skills: Companions: Summonings
   and Necromancy.
   Cunning:   Dodging and Stealth.
 L - the cursed ring of Cremastomancy (on tentacle) {rN+, Elem, Comp}
   (You found it on level 11 of the Dungeon)

   [ring of positive energy]

   rN:        It protects you from negative energy.
   It has a curse which improves the following skills: Elements: Fire Magic, Ice
   Magic, Air Magic and Earth Magic.
   Companions: Summonings and Necromancy.
Wands
 P - a wand of flame (31)
Scrolls
 f - a scroll of summoning
 g - 4 scrolls of blinking
 i - 8 scrolls of vulnerability
 j - 6 scrolls of poison
 m - a scroll of amnesia
 n - 3 scrolls of enchant armour
 r - 2 scrolls of silence
 x - 13 scrolls of teleportation
 D - 3 scrolls of fog
 E - 2 scrolls of noise
Potions
 a - 4 potions of lignification
 b - 2 potions of berserk rage
 e - 4 potions of attraction
 h - 2 potions of resistance
 k - 2 potions of brilliance
 q - 4 potions of mutation
 t - a potion of heal wounds
 v - 4 potions of haste
 A - 4 potions of flight
 J - 3 potions of might
 M - a potion of ambrosia


   Skills:
 - Level 16.2 Fighting
 - Level 6.1(7.3) Dodging
 + Level 12.2(14.0) Unarmed Combat
 + Level 5.9 Spellcasting
 + Level 9.6(11.5) Summonings
 + Level 10.7(11.9) Translocations
 + Level 12.0(13.1) Transmutations
 - Level 8.4(9.7) Ice Magic
 - Level 6.3(7.5) Poison Magic


You had 4 spell levels left.
You knew the following spells:

 Your Spells              Type           Power      Damage    Failure   Level
a - Malign Gateway        Summ/Tloc      26%        N/A       26%         7
b - Wereblood             Tmut           57%        N/A       1%          2
c - Spider Form           Tmut/Pois      49%        N/A       1%          3
d - Ice Form              Ice/Tmut       53%        N/A       1%          4
e - Summon Forest         Summ/Tloc      26%        N/A       1%          5

Your spell library contained the following spells:

 Spells                   Type           Power      Damage    Failure   Level
 Apportation              Tloc           100%       N/A       1%          1
 Beastly Appendage        Tmut           100%       N/A       1%          1
 Freeze                   Ice            100%       1d11      1%          1
 Summon Small Mammal      Summ           100%       N/A       1%          1
 Passwall                 Tmut/Erth      28%        N/A       1%          2
 Poisonous Vapours        Pois/Air       44%        N/A       1%          2
 Frozen Ramparts          Ice            94%        1d11      1%          3
 Ignite Poison            Fire/Tmut/Pois 52%        N/A       1%          3
 Summon Ice Beast         Ice/Summ       50%        N/A       1%          4
 Necrotise                Necr           28%        1d5       3%          1
 Iskenderun's Mystic Bla  Conj/Tloc      31%        2d8       3%          4
 Magic Dart               Conj           24%        1d4       4%          1
 Sandblast                Erth           12%        2d6       4%          1
 Hailstorm                Conj/Ice       27%        3d7       5%          4
 Scorch                   Fire           20%        2d6       6%          2
 Searing Ray              Conj           12%        2d4       6%          2
 Conjure Flame            Conj/Fire      10%        6-21      12%         3
 Dazzling Flash           Conj/Hex       12%        N/A       12%         3
 Stone Arrow              Conj/Erth      12%        3d7       12%         3
 Corpse Rot               Necr/Pois/Air  17%        N/A       13%         4
 Animate Dead             Necr           7%         N/A       32%         4
 Dispel Undead            Necr           7%         3d8       32%         4
 Cause Fear               Hex            3%         N/A       34%         4
 Flame Wave               Conj/Fire      10%        2d5       34%         4
 Fulminant Prism          Conj/Hex       3%         3d6       34%         4
 Sticky Flame             Conj/Fire      10%        2d3       34%         4
 Summon Cactus Giant      Summ           26%        N/A       5%          6
 Summon Mana Viper        Hex/Summ       30%        N/A       11%         5
 Dragon Form              Tmut           28%        N/A       16%         7
 Freezing Cloud           Conj/Ice/Air   10%        6-21      26%         5
 Simulacrum               Ice/Necr       13%        N/A       58%         6
 Borgnjor's Vile Clutch   Necr/Erth      3%         N/A       65%         5
 Iskenderun's Battlesphe  Conj           6%         2d6       67%         5
 Summon Horrible Things   Summ           26%        N/A       89%         8
 Haunt                    Necr/Summ      15%        N/A       95%         7
 Spellforged Servitor     Conj/Summ      15%        N/A       95%         7
 Death Channel            Necr           3%         N/A       99%         6
 Iron Shot                Conj/Erth      3%         9d2       99%         6
 Starburst                Conj/Fire      5%         6d4       99%         6
 Infestation              Necr           3%         N/A       100%        8
 Chain Lightning          Conj/Air       3%         3d4       100%        9
 Dragon's Call            Summ           26%        N/A       100%        9
 Fire Storm               Conj/Fire      5%         8d1       100%        9
 Polar Vortex             Ice            23%        N/A       100%        9
 Shatter                  Erth           3%         3d7*      100%        9


Dungeon Overview and Level Annotations

Branches:
Dungeon (14/15)            Temple (1/1) D:7            Lair (6/6) D:8
  Swamp (3/4) Lair:2       Spider (1/4) Lair:4        Slime (0/5) Lair:5
    Orc (2/2) D:12            Elf (0/3) Orc:2         Sewer (visited)
 Vaults: D:13-14

Altars:
Ashenzari
Cheibriados
Dithmenos
Elyvilon
Fedhas
Gozag
Hepliaklqana
Kikubaaqudgha
Makhleb
Nemelex Xobeh
Okawaru
Qazlal
Ru
Sif Muna
Trog
Uskayaw
Vehumet
Wu Jian
Xom
Yredelemnul
Zin
The Shining One

Shops:
D:3 ([*[   D:4 :   D:8 (   Orc:1 [   Orc:2 :?=?[[

Portals:
Abyss: Lair:2

Annotations:
D:12 1 runed translucent door, Zuubbik's ghost, journeyman MiBe
Lair:2 2 transporters, DolGuldur's ghost, journeyman MiAK
Orc:2 Donald


Innate Abilities, Weirdness & Mutations

You are a creature of crystalline ice.
You have a powerful freezing melee attack.
Your maximum health is increased.
Your armour is entirely melded.
You are incapable of wielding weapons or throwing items.
You cannot wear most types of armour.
You are amphibious.
You can wear up to eight rings at the same time.
((Your skin changes colour to match your surroundings (Stealth+).))
((Your rubbery body absorbs attacks. (AC +1, EV +1)))
((You are camouflaged when in or above water. (Stealth+)))
((You have tentacles for arms and can constrict up to eight enemies at once.))


Message History

The jorogumo stares at you and mumbles some strange words.
The stream of webbing hits you but does no damage.
You are caught in a web!
The tarantella moves out of view.
Unknown command.
The pharaoh ant bites you. The jorogumo barely misses you.
The pharaoh ant bites you!! You partially resist.
You feel drained.
Unknown command.
The jorogumo hits you but does no damage.
The pharaoh ant bites you!! You partially resist.
You feel drained. The wolf spider misses you. The wolf spider bites you!
The jorogumo barely misses you.
You climb upwards.
Welcome back to the Lair of Beasts!
There is a hole to the Spider Nest here.
Unknown command.
Casting: Wereblood (safe; 1% risk of failure)
Confirm with . or Enter, or press ? or * to list all spells.
A forested plane collides here with a resounding crunch!
Your dryad calls out to the forest.
The forest starts to sway and rumble!
The pharaoh ant bites you. You partially resist.
You feel drained. The jorogumo closely misses you.
Unknown command.
Branches wave dangerously above you.
A tree reaches out and hits the fungus!
The fungus begins to die.
The jorogumo hits you but does no damage.
The pharaoh ant bites you.
Your dryad completely misses the pharaoh ant.
You punch the pharaoh ant! You freeze the pharaoh ant.
The pharaoh ant is heavily damaged.
A tree reaches out and hits the fungus!
The jorogumo casts a spell at you.
The stream of webbing hits you but does no damage.
You are caught in a web!
The pharaoh ant bites you!!
* * * LOW HITPOINT WARNING * * *
You partially resist.
You feel drained.
* * * LOW HITPOINT WARNING * * *
The web tears apart.
You feel roots moving beneath the ground.
A tree reaches out and hits the fungus!
Your dryad hits the pharaoh ant! The pharaoh ant bites you!!
You die...

...#####.#♣#♣#.#♣....#.###..#..##
#..P# ##..♣≈≈≈≈#♣....#♣♣#........
..P## #..#♣#≈≈≈^..^.....##.##.#.#
#.## ##..P.≈≈≈^.^.^...###.##.###
..P# #..PP..^≈^.^.♣...##..P###
#.######..##^.≈≈.^....^##PP######
..###.#..##.^^≈.^^......[..###..#
#.........##..^RB>^.^.^..........
##.##..#.###...^YH^.^............
.###.##...♣...^^.^^^.^...........
..#####P..♣#....^.^^....♣........
.⌠.# #P.###...^^..^^....[.......
..## #...P..♣.....^.............
..######..................^......
#.##.P##.#..#....#P##.♣##..#####.
...>......####.##########.## ##
...#.#.#.## #...## #...#


You could see a jorogumo, a pharaoh ant (ally target) and a friendly dryad
(summoned).

Vanquished Creatures
  An eleionoma (Swamp:2)
  A bunyip (Swamp:1)
  Snorg (Lair:3)
  Erolcha (Orc:2)
  4 hydras
  Harold (Lair:1)
  2 boulder beetles
  2 ogre magi (Orc:2)
  Fannar (D:12)
  3 centaur warriors
  Erica (D:10)
  5 two-headed ogres
  2 alligators (Swamp:1)
  2 death yaks (Lair:6)
  2 orc high priests
  Nergalle (Orc:2)
  Amaemon (D:8)
  A skeletal warrior (D:14)
  2 spriggan druids
  A deep troll (D:14)
  A bog body (Swamp:2)
  2 swamp dragons (Swamp:1)
  3 orc knights
  5 orc sorcerers
  A wolf spider (Lair:4)
  2 cyclopes
  A deep elf pyromancer (D:14)
  2 ugly things
  A manticore (D:6)
  2 will-o-the-wisps (Swamp:1)
  14 elephants
  3 black mambas
  An orange demon (D:8)
  Maggie (D:10)
  A gargoyle (D:13)
  20 cane toads
  Psyche (D:12)
  3 rime drakes
  6 komodo dragons
  A queen bee (D:11)
  3 polar bears
  16 blink frogs (Lair:6)
  A tarantella (Lair:4)
  A hornet (Swamp:2)
  10 trolls
  8 tyrant leeches
  5 slime creatures (D:13)
  A jumping spider (Spider:1)
  4 culicivoras (Lair:4)
  A spriggan (Swamp:2)
  Sigmund (D:6)
  2 wyverns
  3 vampires
  50 yaks
  4 basilisks
  A steam dragon (D:8)
  5 vampire mosquitoes
  2 redbacks (Lair:4)
  Menkaure (D:5)
  A warg (D:12)
  13 water moccasins
  7 swamp worms
  2 acid dragons
  3 sky beasts
  3 swamp drakes
  3 ice beasts
  16 orc warriors
  2 black bears
  9 ogres
  13 wolves
  12 centaurs
  18 bullfrogs
  5 scorpions
  5 gnoll sergeants
  2 kobold brigands
  9 wights
  20 killer bees
  5 howler monkeys
  A bullfrog zombie (D:4)
  8 hounds
  11 orc priests
  6 jellies
  3 gnoll boudas
  7 iguanas
  24 orc wizards
  4 hell rats
  A hound zombie (D:4)
  A howler monkey zombie (D:4)
  28 gnolls
  11 adders
  2 white imps
  An adder zombie (D:4)
  3 worms
  4 dart slugs
  62 orcs
  3 endoplasms
  4 giant cockroaches
  9 goblins
  4 hobgoblins
  6 quokkas
  4 ball pythons
  6 bats
  7 frilled lizards
  21 kobolds
  9 rats
  A bush (D:6)
624 creatures vanquished.

Vanquished Creatures (collateral kills)
  Nikola (Swamp:2)
  Frances (Swamp:2)
  2 hydras
  3 death yaks (Lair:6)
  3 goliath frogs
  A spriggan (Swamp:2)
  A bog body (Swamp:2)
  2 orc sorcerers (Orc:2)
  A will-o-the-wisp (Swamp:1)
  4 elephants (Lair:6)
  2 cane toads (Lair:6)
  A tyrant leech (Lair:6)
  A hornet (Swamp:2)
  2 blink frogs (Lair:6)
  A culicivora (Spider:1)
  A jumping spider (Spider:1)
  A yak (Lair:6)
  4 swamp worms
  A water moccasin (Lair:5)
  A warg (Orc:2)
  3 orc warriors
  2 killer bees (D:8)
  An electric eel (Lair:6)
  3 orc priests
  An orc wizard (Orc:2)
  3 hell rats (Lair:6)
  A gnoll (Orc:1)
  11 orcs
  A frilled lizard (D:2)
60 creatures vanquished.

Vanquished Creatures (others)
  2 eldritch tentacles (Swamp:2)
  A bloated husk (Swamp:2)
  An orc warrior (Orc:1)
  An orc wizard (Orc:2)
  2 gnolls
  A kobold (D:7)
  16 foxfires (Swamp:1)
  53 fungi
  150 plants
  6 snaplasher vines
233 creatures vanquished.

Grand Total: 917 creatures vanquished

Notes
Turn   | Place    | Note
-------+----------+-------------------------------------------
     0 | D:1      | Mesmaeker13 the Octopode Transmuter began the quest for the
                  | Orb.
     0 | D:1      | Reached XP level 1. HP: 13/13 MP: 3/3
   111 | D:1      | You fall into a shaft and drop 1 floor!
   141 | D:2      | Reached XP level 2. HP: 17/18 MP: 3/5
   392 | D:1      | Reached XP level 3. HP: 23/23 MP: 4/6
   427 | D:1      | Found a faded altar of an unknown god.
  1096 | D:2      | Reached XP level 4. HP: 28/28 MP: 7/7
  1105 | D:2      | Learned a level 2 spell: Wereblood
  1428 | D:3      | Learned a level 3 spell: Spider Form
  1493 | D:3      | Found Ceatuk's General Store.
  1724 | D:3      | Found Wiaph's Antique Armour Emporium.
  1798 | D:3      | Found Joaneff's Antique Weapon Boutique.
  1842 | D:3      | Found Duoseuh's Armour Shoppe.
  1938 | D:3      | Reached XP level 5. HP: 32/33 MP: 1/8
  2308 | D:4      | Reached skill level 1 in Poison Magic
  2702 | D:4      | Reached XP level 6. HP: 35/38 MP: 5/9
  2838 | D:4      | Found a basalt altar of Yredelemnul.
  2992 | D:4      | Found Qane's Self-Improvement Boutique.
  3341 | D:5      | Entered Level 5 of the Dungeon
  3729 | D:5      | Reached XP level 7. HP: 43/43 MP: 5/10
  4055 | D:5      | Reached skill level 5 in Unarmed Combat
  4289 | D:5      | Noticed Menkaure
  4514 | D:6      | Noticed a manticore
  4567 | D:6      | Reached XP level 8. HP: 44/48 MP: 5/11
  4607 | D:6      | Found a glowing drain.
  4633 | Sewer    | Entered a sewer
  5004 | D:5      | Reached skill level 5 in Dodging
  5047 | D:5      | Reached skill level 5 in Transmutations
  5423 | D:6      | Reached skill level 5 in Poison Magic
  5438 | D:6      | Noticed Sigmund
  5476 | D:5      | Killed Menkaure
  6019 | D:7      | Learned a level 4 spell: Ice Form
  6170 | D:7      | Reached skill level 1 in Ice Magic
  6170 | D:7      | Reached XP level 9. HP: 53/53 MP: 9/12
  6204 | D:7      | Found a staircase to the Ecumenical Temple.
  6212 | Temple   | Entered the Ecumenical Temple
  6212 | Temple   | Found a transporter.
  6212 | Temple   | Found a transporter.
  6214 | Temple   | Found a transporter.
  6214 | Temple   | Found a transporter.
  6265 | Temple   | Became a worshipper of Ashenzari the Shackled
  7130 | D:8      | Found an ancient bone altar of Kikubaaqudgha.
  7154 | D:8      | Reached skill level 2 in Fighting
  7535 | D:8      | Reached skill level 3 in Fighting
  7844 | D:8      | Reached XP level 10. HP: 21/63 MP: 13/13
  8065 | D:8      | Reached skill level 4 in Fighting
  8079 | D:8      | Noticed Amaemon
  8079 | D:8      | Noticed an orange demon
  8270 | D:8      | Found Exiehafo's Weapon Emporium.
  8280 | D:8      | Bought 3 curare-tipped darts for 21 gold pieces
  8517 | D:8      | Found a staircase to the Lair.
  8540 | D:8      | Killed an orange demon
  8541 | D:8      | Reached skill level 5 in Ice Magic
  8612 | D:9      | Reached skill level 5 in Fighting
  8752 | D:9      | Noticed a two-headed ogre
  8767 | D:9      | Killed a two-headed ogre
  9372 | D:8      | Killed Amaemon
  9373 | D:8      | Reached XP level 11. HP: 72/72 MP: 10/14
  9381 | D:8      | Reached skill level 6 in Fighting
  9977 | D:6      | Killed a manticore
 10084 | D:6      | Reached * piety under Ashenzari
 10325 | D:6      | Killed Sigmund
 10588 | Lair:1   | Entered Level 1 of the Lair of Beasts
 10690 | Lair:1   | Noticed an eight-headed hydra
 10789 | D:10     | Entered Level 10 of the Dungeon
 10916 | D:10     | Found a snail-covered altar of Cheibriados.
 10948 | D:10     | Noticed Erica
 11023 | D:9      | Identified the cursed ring "At What Cost Knowledge?"
                  | {rCorr, Melee, Alch} (You found it on level 2 of the
                  | Dungeon)
 11023 | D:9      | Identified the cursed ring "Omniscient Suspicion" {Fire,
                  | Melee, Bglg} (You took it off a hobgoblin on level 4 of the
                  | Dungeon)
 11035 | D:10     | Killed Erica
 11036 | D:10     | Reached skill level 7 in Fighting
 11147 | D:10     | Noticed Maggie
 11164 | D:10     | Killed Maggie
 11527 | D:11     | Identified a scroll of acquirement
 11651 | D:10     | Acquired the +0 hat of the Destroying Gods {rElec rF+
                  | rCorr}
 12158 | D:11     | Reached skill level 10 in Unarmed Combat
 12423 | D:12     | Noticed a white ugly thing
 12432 | D:12     | Killed a white ugly thing
 12579 | D:12     | Reached XP level 12. HP: 81/81 MP: 10/15
 12761 | D:12     | Acquired 720 gold pieces
 12771 | D:12     | Found a runed translucent door.
 12773 | D:12     | Noticed Zuubbik's ghost (journeyman MiBe)
 12773 | D:12     | Noticed a spark wasp
 12780 | D:12     | Identified the +3 ring mail "Piebb" {Int+2}
 12856 | D:12     | Noticed a boulder beetle
 12868 | D:12     | Noticed a two-headed ogre
 12872 | D:12     | Killed a boulder beetle
 12874 | D:12     | Noticed Psyche
 12878 | D:12     | Killed a two-headed ogre
 12879 | D:12     | Reached skill level 10 in Transmutations
 13021 | D:12     | Killed Psyche
 13132 | D:12     | Noticed Fannar
 13137 | D:12     | Reached skill level 8 in Fighting
 13137 | D:12     | Found a staircase to the Orcish Mines.
 13143 | D:12     | Killed Fannar
 13568 | D:12     | Noticed a shadow dragon
 13568 | D:12     | Noticed an eleionoma
 13568 | D:12     | a shadow dragon changed into an eleionoma
 13571 | D:12     | Noticed a fenstrider witch
 13571 | D:12     | an eleionoma changed into a fenstrider witch
 13743 | Orc:1    | Entered Level 1 of the Orcish Mines
 13743 | Orc:1    | Found Niotof's Armour Boutique.
 13751 | Orc:1    | Noticed a two-headed ogre
 14130 | D:4      | Bought a manual of Fighting for 880 gold pieces
 14277 | Lair:1   | Killed an eight-headed hydra
 14460 | Lair:1   | Learned a level 5 spell: Summon Forest
 14505 | Lair:1   | Reached skill level 1 in Summonings
 14505 | Lair:1   | Reached skill level 1 in Translocations
 14560 | Lair:1   | Identified the +0 ring mail of Incorporation {Rampage MP+9}
 14583 | Lair:1   | Noticed Harold
 14592 | Lair:1   | Killed Harold
 14593 | Lair:1   | Reached skill level 9 in Fighting
 15380 | Lair:2   | Found a one-way gate to the infinite horrors of the Abyss.
 15380 | Lair:2   | Noticed DolGuldur's ghost (journeyman MiAK)
 15383 | Lair:2   | Found a transporter.
 15579 | Lair:2   | Found a transporter.
 15763 | Lair:2   | Found a staircase to the Swamp.
 15838 | Lair:2   | Noticed a wretched star
 15855 | Lair:2   | Noticed a great orb of eyes
 16200 | Lair:3   | Reached skill level 10 in Fighting
 16434 | Lair:3   | Reached XP level 13. HP: 93/93 MP: 11/16
 16462 | Lair:3   | Noticed Snorg
 16545 | Lair:3   | Killed Snorg
 16709 | Lair:3   | Reached skill level 11 in Fighting
 17363 | Lair:4   | Reached ** piety under Ashenzari
 17440 | Lair:4   | Reached skill level 5 in Summonings
 17447 | Lair:3   | Reached skill level 5 in Translocations
 17664 | Lair:4   | Found a hole to the Spider Nest.
 18622 | Lair:5   | Found a runed translucent door.
 18626 | Lair:5   | Found a staircase to the Slime Pits.
 18866 | Lair:5   | Reached skill level 12 in Fighting
 19746 | Lair:6   | Entered Level 6 of the Lair of Beasts
 20233 | Lair:6   | Reached skill level 13 in Fighting
 20291 | Lair:6   | Reached XP level 14. HP: 81/106 MP: 8/17
 20597 | Lair:6   | Reached skill level 14 in Fighting
 21225 | Lair:6   | Reached skill level 15 in Fighting
 23271 | Orc:2    | Entered Level 2 of the Orcish Mines
 23588 | Orc:2    | Found Qushoumomm's Book Shoppe.
 23715 | Orc:2    | Found a staircase to the Elven Halls.
 23764 | Orc:2    | Noticed Donald
 24599 | Orc:1    | Reached XP level 15. HP: 105/117 MP: 14/20
 24953 | Orc:2    | Bought a Grand Grimoire for 544 gold pieces
 24962 | Orc:2    | Learned a level 7 spell: Malign Gateway
 25027 | Orc:2    | Found Qaab's Armour Boutique.
 25308 | Orc:2    | Found an ancient bone altar of Kikubaaqudgha.
 25316 | Orc:2    | Noticed Nergalle
 25323 | Orc:2    | Killed Nergalle
 25360 | Orc:2    | Found a radiant altar of Vehumet.
 25360 | Orc:2    | Noticed Erolcha
 25360 | Orc:2    | Paralysed by an orc sorcerer for 3 turns
 25386 | Orc:2    | Killed Erolcha
 25410 | Orc:2    | Found Myokam's Jewellery Shop.
 25471 | Orc:2    | Found Totetan's Antique Armour Boutique.
 25472 | Orc:2    | Found Ikyn's Magic Scroll Shop.
 25480 | Orc:2    | Reached skill level 16 in Fighting
 25493 | Orc:2    | Found Ugimnip's Magic Scroll Boutique.
 26056 | D:13     | Identified the +5 trident "Fuon" {protect, rC+ Int-4 Dex+7}
 26736 | D:13     | Reached skill level 10 in Translocations
 28079 | Swamp:1  | Entered Level 1 of the Swamp
 28500 | Swamp:1  | Reached skill level 5 in Spellcasting
 30487 | Swamp:2  | HP: 4/140 [spriggan rider/+0 spear (18)]
 31280 | Swamp:2  | Noticed Nikola
 31289 | Swamp:2  | Killed Nikola
 32097 | Swamp:2  | Noticed Frances
 32111 | Swamp:2  | Killed Frances
 32397 | Swamp:2  | Upgraded the game from 0.29-a0-824-gd827844252 to
                  | 0.29-a0-830-gcb1280458a
 32665 | Spider:1 | Entered Level 1 of the Spider Nest
 33445 | Lair:4   | Demolished by a pharaoh ant

Illustrated notes

Levels and vault maps discovered:
D:1:      nicolae_arrival_washed_ashore, layout_basic, basic_ecumenical_altar,
          minmay_tetromino_i2
D:2:      layout_rooms, grunt_ministairs_9
D:3:      layout_loops_ring, serial_shops, shop, shop,
          nicolae_shop_hallway_plus, shop
D:4:      layout_basic, nicolae_yredelemnul_corpse_copse, serial_bayou_ford_a,
          nicolae_shop_self_help
D:5:      layout_loops_corners, dk_vineyard_3, uniq_menkaure
D:6:      layout_rooms, portal_sewer_entry_b, minmay_strange_pillars,
          minmay_hedge_maze, uniq_sigmund
D:7:      layout_loops_ring, minmay_temple_entry_mist
D:8:      layout_gridville, nicolae_kikubaaqudgha_miasma_corner,
          minmay_lair_entry_grove, serial_shops,
          nicolae_shop_bloodbath_and_beyond, uniq_amaemon
D:9:      layout_long_grid, serial_bayou_pond_a
D:10:     layout_cave_pools, kennysheep_little_box,
          chequers_serial_rivers_micro_d, dreamdust_gnoll_shepherd, uniq_maggie,
          uniq_erica
D:11:     layout_loops_ring, minivault_7
D:12:     layout_stronghold, orc_0_dummy, ebering_ghost_inner_flame,
          uniq_fannar, uniq_psyche
D:13:     layout_loops_corners
D:14:     minmay_the_grid_square_5x5_5x5 [minmay_the_grid_square_5x5_n,
          minmay_the_grid_square_5x5_inset,
          minmay_the_grid_square_5x5_broken_cross,
          minmay_the_grid_square_5x5_six_small,
          minmay_the_grid_square_5x5_inner_z, minmay_the_grid_square_5x5_seven,
          minmay_the_grid_square_5x5_prize_gold,
          minmay_the_grid_square_5x5_eight_small,
          minmay_the_grid_square_5x5_prize_itemx,
          minmay_the_grid_square_5x5_empty,
          minmay_the_grid_square_5x5_trominoes,
          minmay_the_grid_square_5x5_spiral,
          minmay_the_grid_square_5x5_prize_waves,
          minmay_the_grid_square_5x5_longway, minmay_the_grid_square_5x5_two,
          minmay_the_grid_square_5x5_half_checkered,
          minmay_the_grid_square_5x5_prize_rear_guard,
          minmay_the_grid_square_5x5_minibox,
          minmay_the_grid_square_5x5_prize_monsterx,
          minmay_the_grid_square_5x5_three_walls,
          minmay_the_grid_square_5x5_dogpile, minmay_the_grid_square_5x5_meh,
          minmay_the_grid_square_5x5_forky, minmay_the_grid_square_5x5_corner,
          minmay_the_grid_square_5x5_hollow_slash], layout_basic,
          kennysheep_crisscross, uniq_louise
Temple:   hellmonk_temple_divided_pantheon
Lair:1:   layout_gridlike, uniq_harold
Lair:2:   layout_loops_ring, minmay_swamp_entry_reptiles,
          gammafunk_ghost_abyssal_escape
Lair:3:   layout_cave_pods, serial_bayou_shore_b, uniq_snorg
Lair:4:   layout_small_grid, spider_nest_entry_web_field, wad_woods_road_02,
          grunt_megastairs_2
Lair:5:   layout_cave_shapes, slime_entry_2
Lair:6:   minmay_lair_end_frog_pond, layout_long_grid, minivault_11,
          serial_bayou_shore_a
Swamp:1:  layout_basic_swamp, nicolae_swamp_tree_designs, swamp_pool4,
          nicolae_swamp_feature_on_the_river_bank
Swamp:2:  layout_basic_swamp, evilmike_swamp_ruin_house_5, uniq_frances,
          uniq_nikola
Swamp:3:  layout_basic_swamp, nicolae_swamp_ascending_descending,
          st_swamp_ruins_4
Spider:1: layout_spider_delve
Orc:1:    layout_caves, serial_shops, nicolae_shop_waterfront
Orc:2:    kennysheep_orc_mage_school, layout_caves, serial_shops,
          shop_fountains, nicolae_shop_crystal, uniq_donald

Skill      XL: |  1  2  3  4  5  6  7  8  9 10 11 12 13 14 15 |
---------------+----------------------------------------------+-----
Dodging        | 3 4 5 6 |  6.1
Transmutations | 3 4 5 7 8 9 10 12 | 12.0
Unarmed Combat | 4 5 6 7 8 10 11 12 | 12.2
Poison Magic   | 2 4 5 6 |  6.3
Ice Magic      | 1 4 6 7 8 |  8.4
Fighting       | 3 5 7 10 13 15 16 | 16.2
Summonings     | 4 7 8 9 |  9.6
Translocations | 4 7 9 10 | 10.7
Spellcasting   | 3 5 |  5.9

Action                   |  1- 3 |  4- 6 |  7- 9 | 10-12 | 13-15 || total
-------------------------+-------+-------+-------+-------+-------++-------
Melee: Unarmed           |    73 |   138 |   306 |   527 |   823 ||  1867
       Constrict         |    18 |    37 |    19 |     3 |     1 ||    78
       Tentacles         |    10 |    26 |    22 |     4 |     1 ||    63
       Kick              |    16 |    32 |    28 |       |       ||    76
       Punch             |       |     4 |     4 |       |     1 ||     9
Throw: Dart              |       |    12 |    24 |     6 |     1 ||    43
       Javelin           |       |       |     3 |     1 |       ||     4
       Throwing net      |       |       |       |       |     1 ||     1
 Cast: Beastly Appendage |    23 |    31 |    19 |       |       ||    73
       Wereblood         |       |     4 |    10 |    26 |    44 ||    84
       Spider Form       |       |     4 |    26 |     8 |       ||    38
       Ice Form          |       |       |     2 |    52 |    89 ||   143
       Summon Forest     |       |       |       |       |    37 ||    37
       Malign Gateway    |       |       |       |       |     2 ||     2
Invok: Curse Item        |       |       |       |     3 |     2 ||     5
 Abil: End Transformatio |       |       |       |     1 |       ||     1
Evoke: Wand              |       |       |     8 |    25 |    18 ||    51
  Use: Scroll            |     1 |     6 |     5 |    11 |    12 ||    35
       Potion            |       |       |     2 |     2 |    13 ||    17
 Stab: Sleeping          |     1 |     4 |     1 |       |       ||     6
       Distracted        |       |     1 |     1 |     1 |     5 ||     8
Armor: Skin              |    15 |     9 |    15 |   114 |   257 ||   410
Dodge: Dodged            |    54 |    69 |   256 |   292 |   461 ||  1132
Block: Other             |       |       |    26 |       |    80 ||   106
       Reflection        |       |       |     2 |       |     7 ||     9

Table legend: (Time is in decaauts)
 A = Elapsed time spent in this place.
 B = Non-inter-level travel time spent in this place.
 C = Inter-level travel time spent in this place.
 D = Time resting spent in this place.
 E = Time spent auto-exploring this place.
 F = Levels seen in this place.
 G = Mean time per level.
                   A        B        C        D        E       F      G
               +--------+--------+--------+--------+--------+-----+--------+
         Total |  33134 |  30508 |   2626 |   7230 |  16188 |  28 | 1183.4 |
       Dungeon |  16379 |  14711 |   1668 |   2584 |   8450 |  14 | 1169.9 |
        Temple |     70 |     61 |      9 |      0 |      0 |   1 |   70.0 |
          Lair |   8731 |   8041 |    690 |   1540 |   4771 |   6 | 1455.2 |
         Swamp |   4434 |   4258 |    176 |   2059 |   1658 |   3 | 1478.0 |
   Spider Nest |     33 |     33 |      0 |      0 |      0 |   1 |   33.0 |
  Orcish Mines |   3170 |   3088 |     82 |    824 |   1282 |   2 | 1585.0 |
         Sewer |    313 |    313 |      0 |    223 |     27 |   1 |  313.0 |
               +--------+--------+--------+--------+--------+-----+--------+

Top non-repeatable levels by time:
 Swamp:1: 3104 daAuts
  Lair:4: 2047 daAuts
    D:12: 1987 daAuts
   Orc:2: 1972 daAuts
     D:8: 1956 daAuts
    D:13: 1878 daAuts
     D:5: 1744 daAuts
  Lair:5: 1509 daAuts
  Lair:6: 1477 daAuts
  Lair:3: 1430 daAuts
     D:7: 1382 daAuts
 Swamp:2: 1314 daAuts
  Lair:1: 1222 daAuts
     D:4: 1208 daAuts
     D:6: 1200 daAuts
